 Dungeon Crawl Stone Soup version 0.26-a0-812-g31a745ddcd (webtiles) character file.

Game seed: 2778431059460715049

46 Iaco the Chopper (level 3, -1/33 HPs)
             Began as a Minotaur Berserker on Nov 23, 2020.
             Was a Believer of Trog.
             Slain by a sky beast (6 damage)
             ... on level 2 of the Dungeon.
             The game lasted 00:25:48 (1718 turns).

Iaco the Chopper (Minotaur Berserker)               Turns: 1718, Time: 00:25:49

Health: -1/33      AC:  6    Str: 22    XL:     3   Next: 44%
Magic:  2/2        EV: 11    Int:  4    God:    Trog [**....]
Gold:   43         SH:  0    Dex:  9    Spells: 2/2 levels left

rFire    . . .     SeeInvis .   a - +0 hand axe
rCold    . . .     Faith    .   (no shield)
rNeg     . . .     Spirit   .   n - +0 scale mail
rPois    .         Reflect  .   (helmet restricted)
rElec    .         Harm     .   (no cloak)
rCorr    .         Rampage  .   (no gloves)
MR       .....                  (no boots)
Stlth    ..........             (no amulet)
HPRegen  0.11/turn              (no ring)
MPRegen  0.08/turn              (no ring)

@: no status effects
A: retaliatory headbutt, horns 2
a: Berserk, Trog's Hand, Renounce Religion


You were on level 2 of the Dungeon.
You worshipped Trog.
Trog was pleased with you.
You visited 1 branch of the dungeon, and saw 2 of its levels.

You collected 43 gold pieces.

Inventory:

Hand Weapons
 a - a +0 hand axe (weapon)
 c - a +0 club
Missiles
 f - 24 stones (quivered)
 p - 12 poisoned darts
Armour
 l - a +0 leather armour
 n - a +0 scale mail (worn)
Jewellery
 j - an uncursed amulet of regeneration {unknown}
 k - an uncursed amulet of the acrobat {unknown}
 o - an uncursed ring of protection from magic {unknown}
Scrolls
 b - a scroll of immolation {unknown}
 e - a scroll of remove curse {unknown}
 h - 2 scrolls of identify {unknown}
 i - a scroll of teleportation {unknown}
 m - a scroll of amnesia {unknown}
Potions
 d - a potion of heal wounds {unknown}
 g - a potion of might {unknown}


   Skills:
 + Level 4.1 Fighting
 * Level 4.4 Axes
 + Level 3.0 Armour
 + Level 2.7 Dodging


You had 2 spell levels left.
You didn't know any spells.
Your spell library was empty.

Dungeon Overview and Level Annotations

Branches:
Dungeon (2/15)

Altars:


Innate Abilities, Weirdness & Mutations

You reflexively headbutt those who attack you in melee.
You have a pair of horns on your head.


Message History

The sky beast hits you but does no damage.
You hit the sky beast.
The sky beast is moderately wounded.
A dart slug comes into view.
The sky beast closely misses you.
You hit the sky beast.
The sky beast is heavily wounded.
The sky beast closely misses you.
You barely miss the sky beast.
The sky beast is heavily wounded.
The sky beast flickers out of sight!
Deactivating autopickup; reactivate with Ctrl-A.
Something hits you but does no damage.
You hit something but do no damage. Something hits you but does no damage.
Something hits you. Something shocks you.
* * * LOW HITPOINT WARNING * * *
You hit something. Something hits you.
* * * LOW HITPOINT WARNING * * *
Something shocks you.
You die...

..r.... #.#
#..{.. #.#
#.... #.#
#..# ##.#
#..# ...
#####..######
#.#
#......†w.r.#
#.##
#.###..####{#
#... #.# #..#
#@# #### #.#
#..# #.# #
#.# #..# #.#
# #.# #..#
#.# # #.#
##.# #.#
#.####.####.#
#...........#
######.######
#.#######
######


You could see a rat.

Vanquished Creatures
  An ooze (D:1)
  A ball python (D:1)
  A giant cockroach (D:1)
  4 goblins (D:1)
  4 hobgoblins
  11 jackals
  2 kobolds (D:1)
  A quokka (D:2)
  3 bats
  2 frilled lizards
  6 rats
36 creatures vanquished.

Notes
Turn   | Place    | Note
-------+----------+-------------------------------------------
     0 | D:1      | Iaco the Minotaur Berserker began the quest for the Orb.
     0 | D:1      | Reached XP level 1. HP: 19/19 MP: 0/0
   108 | D:1      | Reached XP level 2. HP: 14/27 MP: 1/1
  1082 | D:1      | Reached XP level 3. HP: 27/33 MP: 2/2
  1552 | D:2      | Reached ** piety under Trog
  1693 | D:2      | Noticed a sky beast
  1718 | D:2      | Slain by a sky beast

Illustrated notes

Levels and vault maps discovered:
D:1:      lemuel_arrival_funnel, layout_loops_corners, minmay_cupped
D:2:      layout_loops_ring, nicolae_ru_great_annihilating_truth

Skill      XL: |  1  2  3 |
---------------+----------+-----
Axes           | 4 |  4.4
Fighting       | 4 |  4.1
Armour         | 3 |  3.0
Dodging        | |  2.7

Action                   || total
-------------------------++-------
Melee: Hand axe          ||    75
       Headbutt          ||     6
Throw: Stone             ||    18
 Stab: Sleeping          ||     1
Armor: Animal skin       ||    11
       Leather armour    ||     5
       Scale mail        ||     5
Dodge: Dodged            ||    40

Table legend: (Time is in decaauts)
 A = Elapsed time spent in this place.
 B = Non-inter-level travel time spent in this place.
 C = Inter-level travel time spent in this place.
 D = Time resting spent in this place.
 E = Time spent auto-exploring this place.
 F = Levels seen in this place.
 G = Mean time per level.
                   A        B        C        D        E       F      G
               +--------+--------+--------+--------+--------+-----+--------+
         Total |   1726 |   1654 |     72 |    326 |    196 |   2 |  863.0 |
       Dungeon |   1726 |   1654 |     72 |    326 |    196 |   2 |  863.0 |
               +--------+--------+--------+--------+--------+-----+--------+

Top non-repeatable levels by time:
     D:1: 1329 daAuts
     D:2: 396 daAuts
